Map: Ascension to Aiur LE

Players

SortOf - Winner!

  • Race: Zerg Zerg
  • Spawn Location: 5:00

Sen

  • Race: Zerg Zerg
  • Spawn Location: 11:00

Event: WCS Jonkoping 2017

VOD

Have the link to the VOD?

Description

Time

  • Played on: June 17, 2017, 1:48 p.m.
  • Length: 10:01

All games in this series

Show
View Real Time Build Order
Export as new Build Order

SortOf Zerg - Winner!

Build Orders: Pool First 

Get SALT Encoding   

  12  0:00  Drone  
  13  0:12  Overlord  
  13  0:17  Drone  
  14  0:30  Drone x2  
  14  0:34  Drone  
  17  0:45  Spawning Pool  
  17  0:48  Drone  
  17  0:56  Drone  
  18  1:11  Hatchery  
  17  1:32  Queen, Zergling x6  
  22  1:42  Overlord  
  22  2:03  Drone  
  22  2:08  Queen  
  23  2:11  Zergling x2  
  26  2:17  Drone  
  27  2:23  Queen  
  27  2:24  Drone  
  27  2:27  Drone  
  31  2:33  Overlord  
  31  2:38  Drone  
  31  2:44  Drone x3  
  31  2:47  Overlord  
  31  2:48  Queen  
  36  2:54  Drone  
  36  2:56  Spine Crawler  
  34  3:04  Drone x2  
  36  3:10  Roach Warren  
  36  3:11  Evolution Chamber  
  34  3:17  Drone  
  35  3:22  Evolution Chamber  
  35  3:24  Drone x3  
  37  3:30  Drone x3  
  40  3:34  Overlord  
  40  3:37  Drone x2  
  42  3:42  Extractor  
  42  3:43  Extractor x2, Drone  
  40  3:49  Drone  
  40  3:54  Drone  
  42  3:56  Drone x4  
  42  3:57  Drone  
  42  4:00  Drone x2  
  49  4:06  Drone  
  49  4:08  Extractor  
  49  4:16  Drone  
  50  4:17  Drone  
  50  4:20  Lair  
  50  4:22  Overlord  
  51  4:26  Drone x3  
  51  4:28  Roach  
  51  4:29  Roach  
  58  4:32  Roach  
  58  4:37  Overlord  
  60  4:41  Zerg Missile Weapons Level 1  
  60  4:44  Roach  
  62  5:00  Roach  
  62  5:01  Roach x2  
  62  5:02  Hatchery  
  62  5:05  Zerg Ground Armor Level 1  
  67  5:09  Overlord  
  67  5:17  Roach x3  
  67  5:18  Overseer  
  73  5:22  Queen  
  75  5:31  Roach x3  
  75  5:33  Glial Reconstitution  
  81  5:38  Overlord  
  81  5:40  Roach  
  81  5:41  Drone  
  84  5:43  Overlord  
  84  5:47  Overlord  
  84  5:49  Overlord  
  84  5:56  Overlord  
  84  5:59  Drone x4  
  88  6:06  Drone x2  
  88  6:07  Drone x2  
  92  6:12  Roach  
  93  6:21  Roach x3  
  93  6:22  Roach x2  
  103  6:26  Overlord  
  103  6:33  Roach x4  
  103  6:38  Ravager x5  
  116  6:40  Roach  
  116  6:41  Roach  
  120  6:51  Zerg Missile Weapons Level 2  
  120  6:52  Overlord  
  118  6:55  Roach x2  
  118  6:59  Roach  
  118  7:00  Roach  
  126  7:04  Zergling x2, Roach x2  
  126  7:05  Drone x2  
  126  7:07  Extractor  
  132  7:11  Roach x2  
  132  7:12  Roach  
  128  7:25  Roach  
  128  7:29  Roach  
  121  7:32  Roach x4  
  121  7:34  Roach x3  
  121  7:36  Drone x2  
  133  7:42  Roach  
  135  7:46  Roach  
  135  7:47  Roach x4  
  135  7:50  Overlord  
  135  7:51  Overlord  
  145  7:57  Overlord  
  145  8:04  Overlord  
  145  8:08  Roach x3  
  145  8:11  Ravager x3  
  145  8:12  Ravager  
  155  8:16  Roach  
  155  8:17  Roach  
  155  8:19  Overlord  
  159  8:20  Roach x2  
  159  8:26  Roach x2  
  159  8:27  Roach  
  169  8:28  Overlord  
  169  8:35  Roach x2  
  173  8:41  Roach  
  173  8:42  Hatchery, Roach x2  
  178  8:51  Roach  
  178  8:52  Roach x4  
  188  8:57  Overlord  
  188  9:03  Roach  
  188  9:04  Roach  
  188  9:07  Overlord  
  188  9:09  Overlord  
  192  9:10  Overlord  
  192  9:13  Overlord  
  186  9:28  Roach x9  
Show
View Real Time Build Order
Export as new Build Order

Sen Zerg 

Build Orders: Hatch First 

Get SALT Encoding   

  12  0:01  Drone  
  13  0:12  Overlord  
  13  0:17  Drone  
  14  0:31  Drone x2  
  14  0:35  Drone  
  17  0:52  Hatchery  
  17  0:54  Drone  
  17  0:57  Drone  
  17  1:00  Extractor  
  17  1:14  Spawning Pool  
  17  1:17  Drone  
  17  1:20  Drone  
  18  1:28  Drone  
  19  1:38  Overlord  
  19  1:49  Drone  
  20  2:00  Zergling x2  
  20  2:01  Queen, Metabolic Boost  
  21  2:04  Queen  
  21  2:07  Drone  
  26  2:13  Zergling x2  
  27  2:16  Drone  
  28  2:26  Baneling Nest  
  28  2:27  Zergling x4  
  29  2:35  Zergling x2  
  31  2:37  Zergling x2  
  31  2:57  Overlord  
  30  2:59  Drone x3  
  30  3:04  Drone  
  34  3:09  Drone x2  
  36  3:14  Overlord  
  36  3:20  Drone x3  
  39  3:28  Drone  
  39  3:29  Drone  
  40  3:37  Hatchery  
  40  3:39  Evolution Chamber  
  38  3:43  Drone  
  38  3:45  Drone  
  38  3:47  Drone  
  41  3:50  Drone x2  
  41  3:53  Drone  
  44  3:57  Drone x2  
  46  4:03  Overlord  
  46  4:05  Zerg Missile Weapons Level 1  
  46  4:09  Drone x2  
  48  4:10  Extractor  
  48  4:15  Roach Warren  
  46  4:21  Drone x2  
  48  4:26  Drone x2  
  48  4:27  Drone  
  48  4:31  Drone x2  
  52  4:35  Extractor, Overlord  
  52  4:36  Drone x3  
  54  4:39  Queen  
  54  4:43  Drone  
  57  4:50  Lair  
  57  4:55  Overlord  
  57  4:56  Drone  
  58  5:02  Roach x3  
  58  5:07  Roach x3  
  70  5:08  Roach  
  70  5:14  Overlord  
  71  5:22  Overlord x2  
  71  5:27  Drone  
  71  5:28  Drone x3  
  73  5:29  Overlord  
  73  5:32  Unknown, Overlord  
  75  5:36  Roach x4  
  75  5:40  Overlord  
  83  5:45  Roach x2  
  83  5:49  Roach  
  93  5:50  Roach x3  
  93  5:56  Glial Reconstitution  
  95  6:00  Roach  
  95  6:01  Roach x4  
  105  6:08  Zerg Missile Weapons Level 2  
  105  6:10  Overseer  
  104  6:13  Roach  
  106  6:22  Zergling x20  
  116  6:31  Zergling x14  
  123  6:40  Overlord x2  
  123  6:44  Unknown  
  123  6:45  Extractor  
  121  6:56  Baneling x5  
  121  6:57  Baneling x10  
  121  7:04  Drone  
  121  7:05  Drone x7  
  121  7:07  Extractor, Drone x2  
  130  7:09  Baneling x3  
  130  7:15  Drone x5  
  114  7:23  Drone  
  114  7:24  Drone  
  102  7:31  Roach x4  
  101  7:38  Roach x3  
  101  7:41  Extractor  
  106  7:46  Roach x2  
  110  7:51  Hatchery  
  110  7:52  Roach  
  110  7:58  Roach x2  
  115  7:59  Ravager x2  
  115  8:00  Ravager  
  115  8:01  Ravager  
  121  8:05  Roach  
  121  8:07  Overseer  
  121  8:10  Overlord x4  
  121  8:13  Roach x4  
  121  8:18  Unknown  
  129  8:23  Overlord x2  
  129  8:26  Overlord x3  
  129  8:31  Roach  
  131  8:36  Ravager  
  131  8:39  Roach x7  
  146  8:45  Roach  
  146  8:46  Roach x4  
  156  8:54  Roach x3  
  162  9:00  Overlord  
  162  9:05  Ravager x2  
  162  9:06  Overlord  
  162  9:09  Spine Crawler  
  163  9:16  Roach x3  
  155  9:27  Roach x10  
  163  9:33  Roach x2  
  163  9:38  Roach x3  
  148  9:42  Roach x7  
Tags
 
Add a new tag
Caveats
  • Supply blocks, unpowered buildings, or Contaminate may cause inaccurate times.
  • Supply counts are checked every 10 seconds.